 Dungeon Crawl Stone Soup version 0.27.0-1-g7a08968 (webtiles) character file.

Game seed: 15275291079004540270

72 Illumine the Shield-Bearer (level 4, -8/41 HPs)
             Began as a Gnoll Fighter on Aug 25, 2021.
             Was an Initiate of Ru.
             Splashed by Ijyb's acid (13 damage)
             ... on level 4 of the Dungeon.
             The game lasted 00:02:22 (2666 turns).

Illumine the Shield-Bearer (Gnoll Fighter)          Turns: 2666, Time: 00:02:22

Health: -8/41      AC:  6    Str: 16    XL:     4   Next: 25%
Magic:  5/5        EV:  5    Int:  8    God:    Ru [......]
Gold:   48         SH: 10    Dex: 11    Spells: 5/5 levels left

rFire    . . .     SeeInvis .     - Unarmed
rCold    . . .     Faith    .   b - +0 kite shield
rNeg     . . .     Spirit   .   n - +0 chain mail
rPois    .         Reflect  .   (no helmet)
rElec    .         Harm     .   (no cloak)
rCorr    .         Rampage  .   (no gloves)
Will     .....                  (no boots)
Stlth    ..........             (no amulet)
HPRegen  0.13/turn              (no ring)
MPRegen  0.09/turn              (no ring)

@: corroded
A: fangs 1, strong nose, distributed training
a: Renounce Religion


You were on level 4 of the Dungeon.
You worshipped Ru.
Ru was noncommittal.
You visited 1 branch of the dungeon, and saw 4 of its levels.

You collected 48 gold pieces.

Inventory:

Missiles
 g - 15 bolts
Armour
 b - a +0 kite shield (worn)
 n - a +0 chain mail (worn)
Scrolls
 d - 2 scrolls of teleportation {unknown}
 e - a scroll of identify {unknown}
 i - a scroll of enchant armour {unknown}
 j - a scroll of fog {unknown}
 m - a scroll of amnesia {unknown}
Potions
 c - a potion of might
 f - a potion of attraction {unknown}
 h - 2 potions of curing {unknown}
 k - 2 potions of degeneration {unknown}
 l - a potion of ambrosia {unknown}


   Skills:
 + Level 6.6 Fighting
 + Level 1.1 Short Blades
 + Level 1.1 Long Blades
 + Level 1.1 Axes
 + Level 1.1 Maces & Flails
 + Level 1.1 Polearms
 + Level 1.1 Staves
 + Level 1.1 Slings
 + Level 1.1 Bows
 + Level 1.1 Crossbows
 + Level 1.1 Throwing
 + Level 6.6 Armour
 + Level 1.1 Dodging
 + Level 1.1 Stealth
 + Level 6.6 Shields
 + Level 4.6 Unarmed Combat
 + Level 1.1 Spellcasting
 + Level 0.8 Conjurations
 + Level 0.8 Hexes
 + Level 0.8 Summonings
 + Level 0.8 Necromancy
 + Level 0.8 Translocations
 + Level 0.8 Transmutations
 + Level 0.8 Fire Magic
 + Level 0.8 Ice Magic
 + Level 0.8 Air Magic
 + Level 0.8 Earth Magic
 + Level 0.8 Poison Magic
 + Level 1.2 Invocations
 + Level 1.1 Evocations


You had 5 spell levels left.
You didn't know any spells.
Your spell library contained the following spells:

 Spells                   Type           Power      Damage    Failure   Level
 Ozocubu's Armour         Ice            1%         N/A       100%        3
 Metabolic Englaciation   Hex/Ice        0%         N/A       100%        5
 Simulacrum               Ice/Necr       0%         N/A       100%        6


Dungeon Overview and Level Annotations

Branches:
Dungeon (4/15)
 Temple: D:4-7

Altars:
Dithmenos
Hepliaklqana
Nemelex Xobeh
Ru

Annotations:
D:2 Terence
D:4 Ijyb


Innate Abilities, Weirdness & Mutations

You have very sharp teeth.
Your uncanny sense of smell can sniff out nearby items.
Your experience applies equally to all skills.


Message History

a +0 whip; a stone No target in view!
Done exploring.
Done exploring.
Search for what [? for help]? ru
Things that are here:
a +0 whip; a stone
There is a stone staircase leading down here.
There is a stone staircase leading up here.
You see here a +0 hand axe.
There is a sacrificial altar of Ru here.
You kneel at the altar of Ru.
Ru welcomes you!
You see here a +0 hand axe.
There is a stone staircase leading down here.
You climb downwards.
Found a chain mail, a scroll labelled TODEUH NU WUKH and 24 arrows.
There is a stone staircase leading up here.
m - a scroll labelled TODEUH NU WUKH You see here a +0 chain mail.
n - a +0 chain mail You start removing your armour.
You continue taking off your +0 scale mail. x4
You finish taking off your +0 scale mail.
You start putting on your armour.
You continue putting on your +0 chain mail. x5
You finish putting on your +0 chain mail.
Unknown command.
Drop what? 14/52 slots (_ for help) (? for menu, Esc to quit)
You drop a +0 scale mail.
Found a stone staircase leading down.
Ijyb the Twisted Goblin comes into view.
She is wielding a +0 club and carrying a wand of acid (7).
Ijyb shouts!
Ijyb zaps a wand.
The bolt of acid hits you!
You are splashed with acid!
There is a stone staircase leading down here.
Unknown command.
Ijyb zaps a wand.
The bolt of acid hits you!
* * * LOW HITPOINT WARNING * * *
The acid corrodes you!
You are splashed with acid!
You die...

##.......[#
#.........#
#.........#
##.......## ###
#.........#
..#####..(......#
#.####...............#
......g.###..........#
#@####.........###
#..>..#..........#
#####............#
########.....# #.....#
∆ #######


You could see Ijyb.

Vanquished Creatures
  2 adders (D:3)
  A dart slug (D:1)
  2 orcs (D:3)
  4 endoplasms
  3 giant cockroaches
  3 goblins
  2 hobgoblins
  12 jackals
  5 kobolds
  A quokka (D:2)
  3 ball pythons
  2 bats
  A frilled lizard (D:1)
  2 rats
43 creatures vanquished.

Notes
Turn   | Place    | Note
-------+----------+-------------------------------------------
     0 | D:1      | Illumine the Gnoll Fighter began the quest for the Orb.
     0 | D:1      | Reached XP level 1. HP: 23/23 MP: 1/1
   277 | D:1      | Reached XP level 2. HP: 25/29 MP: 2/2
   750 | D:1      | Found a faded altar of an unknown god.
   890 | D:2      | Noticed Terence
  1400 | D:2      | Reached XP level 3. HP: 33/35 MP: 3/3
  1527 | D:3      | Found a shadowy altar of Dithmenos.
  1537 | D:3      | Found a sacrificial altar of Ru.
  1538 | D:3      | Found a sparkling altar of Nemelex Xobeh.
  1668 | D:3      | Reached skill level 1 in Invocations
  1826 | D:3      | Reached skill level 1 in Short Blades
  1826 | D:3      | Reached skill level 1 in Long Blades
  1826 | D:3      | Reached skill level 1 in Axes
  1826 | D:3      | Reached skill level 1 in Maces & Flails
  1826 | D:3      | Reached skill level 1 in Polearms
  1826 | D:3      | Reached skill level 1 in Staves
  1826 | D:3      | Reached skill level 1 in Slings
  1826 | D:3      | Reached skill level 1 in Bows
  1826 | D:3      | Reached skill level 1 in Crossbows
  1826 | D:3      | Reached skill level 1 in Throwing
  1826 | D:3      | Reached skill level 1 in Dodging
  1826 | D:3      | Reached skill level 1 in Stealth
  1826 | D:3      | Reached skill level 1 in Spellcasting
  1826 | D:3      | Reached skill level 1 in Evocations
  2051 | D:3      | Reached XP level 4. HP: 41/41 MP: 5/5
  2210 | D:3      | Found a hazy altar of Hepliaklqana.
  2595 | D:3      | Became a worshipper of Ru the Awakened
  2664 | D:4      | Noticed Ijyb
  2666 | D:4      | Splashed by Ijyb's acid

Illustrated notes

Levels and vault maps discovered:
D:1:      lemuel_arrival_rhombus, layout_loops_ring,
          shapermc_ecumenical_altar_mp_highgroup
D:2:      layout_basic, serial_shops, shop, uniq_terence
D:3:      layout_loops_ring, nzn_hepliaklqana_mist_gate,
          grunt_temple_overflow_open
D:4:      layout_rooms, temple_green, minmay_misc_feat_enclosed,
          chequers_serial_rivers_micro_c, goddamned_bats, uniq_ijyb

Skill      XL: |  1  2  3 |
---------------+----------+-----
Invocations    | 1 |  1.2
Short Blades   | 1 |  1.1
Long Blades    | 1 |  1.1
Axes           | 1 |  1.1
Maces & Flails | 1 |  1.1
Polearms       | 1 |  1.1
Staves         | 1 |  1.1
Slings         | 1 |  1.1
Bows           | 1 |  1.1
Crossbows      | 1 |  1.1
Throwing       | 1 |  1.1
Dodging        | 1 |  1.1
Stealth        | 1 |  1.1
Spellcasting   | 1 |  1.1
Evocations     | 1 |  1.1
Fighting       | |  6.6
Armour         | |  6.6
Shields        | |  6.6
Unarmed Combat | |  4.6
Conjurations   | |  0.8
Hexes          | |  0.8
Summonings     | |  0.8
Necromancy     | |  0.8
Translocations | |  0.8
Transmutations | |  0.8
Fire Magic     | |  0.8
Ice Magic      | |  0.8
Air Magic      | |  0.8
Earth Magic    | |  0.8
Poison Magic   | |  0.8

Action                   |  1- 3 |  4- 6 || total
-------------------------+-------+-------++-------
Melee: Unarmed           |   153 |     6 ||   159
       Bite              |    18 |       ||    18
Armor: Scale mail        |    51 |     2 ||    53
Dodge: Dodged            |    32 |     2 ||    34
Block: Kite shield       |   108 |     1 ||   109
